 Dungeon Crawl Stone Soup version 0.27-a0-323-gbd089401bb (webtiles) character file.

Game seed: 15030014347757158566

19 dickylongcocking the Cudgeller (level 2, -1/28 HPs)
             Began as a Naga Monk on Feb 11, 2021.
             Killed from afar by Natasha (6 damage)
             ... with a magic dart
             ... on level 2 of the Dungeon.
             The game lasted 00:00:53 (1119 turns).

dickylongcocking the Cudgeller (Naga Monk)          Turns: 1119, Time: 00:00:54

Health: -1/28      AC:  1    Str: 13    XL:     2   Next: 75%
Magic:  2/2        EV: 10    Int: 10    God:
Gold:   16         SH:  0    Dex: 13    Spells: 1/1 levels left

rFire    . . .     SeeInvis +   a - +0 mace
rCold    . . .     Faith    .   (no shield)
rNeg     . . .     Spirit   .   b - +0 robe
rPois    +         Reflect  .   (no helmet)
rElec    .         Harm     .   (no cloak)
rCorr    .         Rampage  .   (no gloves)
Will     .....                  (no barding)
Stlth    ++........             (no amulet)
HPRegen  0.09/turn              (no ring)
MPRegen  0.08/turn              (no ring)

@: short of breath, flying, very slow
A: large, see invisible, deformed body, poison resistance, slowness 2, spit
poison 1, AC +0
a: Spit Poison


You were on level 2 of the Dungeon.
You visited 1 branch of the dungeon, and saw 2 of its levels.

You collected 16 gold pieces.

Inventory:

Hand Weapons
 a - a +0 mace (weapon)
 h - a +1 hunting sling of freezing
Missiles
 i - 12 boomerangs
Armour
 b - a +0 robe (worn)
Jewellery
 f - a +6 ring of intelligence {unknown}
Scrolls
 c - 3 scrolls of teleportation {unknown}
 d - a scroll of magic mapping {unknown}
 e - a scroll of amnesia {unknown}


   Skills:
 + Level 3.3 Fighting
 + Level 3.3 Maces & Flails
 + Level 2.6 Dodging
 + Level 3.1 Stealth


You had one spell level left.
You didn't know any spells.
Your spell library was empty.

Dungeon Overview and Level Annotations

Branches:
Dungeon (2/15)

Altars:

Annotations:
D:2 Natasha


Innate Abilities, Weirdness & Mutations

You cannot wear boots.
Your serpentine skin is tough. (AC +0)
You have supernaturally acute eyesight. (SInv)
Armour fits poorly on your strangely shaped body.
Your system is resistant to poisons. (rPois)
You cover ground very slowly.
You can spit poison.


Message History

There are monsters nearby!
The frilled lizard barely misses you.
Press: ? - help, Shift-Dir - straight line, f - frilled lizard
Aim: a frilled lizard
Okay, then.
You barely miss the frilled lizard. The frilled lizard barely misses you.
You barely miss the frilled lizard. The frilled lizard barely misses you.
Natasha hisses angrily.
You hit the frilled lizard.
You kill the frilled lizard!
Press: ? - help, Shift-Dir - straight line, f - Natasha
Aim: Natasha The splash of poison misses Natasha.
Unknown command.
You aren't carrying any items that you can evoke.
Unknown command.
Okay, then.
Natasha casts a spell.
The white imp gestures at you. The puff of frost hits you!
Natasha mumbles some strange words.
You have got your breath back.
Natasha casts a spell at you. The magic dart hits you!
The white imp gestures at you. The puff of frost hits you.
* * * LOW HITPOINT WARNING * * *
Found 12 gold pieces.
It was a potion of flight.
You feel very buoyant.
You fly up into the air.
Press: ? - help, Shift-Dir - straight line, f/p - Natasha
Aim: Natasha The splash of poison misses Natasha.
The splash of poison hits the white imp.
The white imp is poisoned.
The white imp is moderately wounded.
Natasha casts a spell at you. The magic dart hits you.
You die...

........# #......####.#
#.......# $......... #.# .
#.......+ ..........###.##.#
........# #................#
.....5.†# #....#.#..###.####
#.......+ #.)...........#
#.......###.........###.####
.##......##.................
#......5h@............####
#....#.##....)........#
#....#..###..........##
#....##.###..........#
#............#'#...###
...#####..#...#.###.# ##.
##.#...#.# #.# #......###
#<. #...##.# ....


You could see Natasha and a white imp (summoned, poisoned).

Vanquished Creatures
  2 bats (D:1)
  2 giant cockroaches (D:1)
  2 goblins (D:1)
  2 hobgoblins
  4 kobolds
  4 frilled lizards
  2 rats (D:1)
18 creatures vanquished.

Notes
Turn   | Place    | Note
-------+----------+-------------------------------------------
     0 | D:1      | dickylongcocking the Naga Monk began the quest for the Orb.
     0 | D:1      | Reached XP level 1. HP: 21/21 MP: 1/1
   258 | D:1      | Reached XP level 2. HP: 28/28 MP: 2/2
  1106 | D:2      | Noticed Natasha
  1119 | D:2      | Killed from afar by Natasha

Illustrated notes

Levels and vault maps discovered:
D:1:      heliophobic_arrival_battle_scene, layout_basic,
          serial_co_window_serial, co_window_corner_a, co_window_corner_a,
          co_window_paths_a, co_window_paths_b, co_window_of_opportunity_a,
          co_window_unsneaky_path_c, co_window_paths_c, co_window_corner_b,
          co_window_2corner, glass_columns_b
D:2:      layout_basic, minmay_rat_hole, uniq_natasha

Action                   || total
-------------------------++-------
Melee: Mace              ||    29
 Abil: Spit Poison       ||    12
  Use: Potion            ||     1
 Stab: Sleeping          ||     2
Armor: Robe              ||     3
Dodge: Dodged            ||    30

Table legend: (Time is in decaauts)
 A = Elapsed time spent in this place.
 B = Non-inter-level travel time spent in this place.
 C = Inter-level travel time spent in this place.
 D = Time resting spent in this place.
 E = Time spent auto-exploring this place.
 F = Levels seen in this place.
 G = Mean time per level.
                   A        B        C        D        E       F      G
               +--------+--------+--------+--------+--------+-----+--------+
         Total |   1460 |   1404 |     56 |      0 |   1251 |   2 |  730.0 |
       Dungeon |   1460 |   1404 |     56 |      0 |   1251 |   2 |  730.0 |
               +--------+--------+--------+--------+--------+-----+--------+

Top non-repeatable levels by time:
     D:1: 1376 daAuts
     D:2: 84 daAuts
